2943 views
Uploaded 2021-03-17 17:17:10
Game version 1.32.9
59:49 long 1on1 ladder game on (3)NomadIsles
Saved by xzz
2943 views
Uploaded 2021-03-17 17:17:10
Game version 1.32.9
59:49 long 1on1 ladder game on (3)NomadIsles

90 units @ 14.5k
/ 2.5k
52 buildings @ 7.9k
/ 3.1k


| Scroll of Healing | 1 | 250 |
| Potion of Lesser Invulnerability | 1 | 150 |
| total: | 2 | 400g |
| Acolyte | 43 | 3225 | / | 0 |
| Ghoul | 12 | 1440 | / | 0 |
| Crypt Fiend | 12 | 2580 | / | 480 |
| Abomination | 4 | 960 | / | 280 |
| Frost Wyrm | 12 | 4620 | / | 1440 |
| Obsidian Statue | 2 | 400 | / | 70 |
| Meat Wagon | 2 | 460 | / | 100 |
| Goblin Shredder | 1 | 375 | / | 100 |
| Forest Troll Shadow Priest | 1 | 195 | / | 10 |
| Forest Troll Berserker | 1 | 245 | / | 30 |
| total: | 90 | 14500g | / | 2510w |
| Spirit Tower | 14 | 2030 | / | 560 |
| Altar of Darkness | 1 | 180 | / | 50 |
| Crypt | 1 | 200 | / | 50 |
| Ziggurat | 41 | 6150 | / | 2050 |
| Graveyard | 1 | 215 | / | 0 |
| Tomb of Relics | 1 | 130 | / | 30 |
| Necropolis | 1 | 225 | / | 0 |
| Sacrificial Pit | 2 | 150 | / | 300 |
| Slaughterhouse | 2 | 280 | / | 270 |
| Boneyard | 2 | 350 | / | 400 |
| Halls of the Dead | 2 | 640 | / | 420 |
| Black Citadel | 2 | 650 | / | 460 |
| total: | 52 | 7880g | / | 3150w |
| 0:15 | Altar of Darkness |
| 0:19 | Crypt |
| 0:22 | Ziggurat |
| 0:28 | Acolyte |
| 0:39 | Acolyte |
| 1:23 | Ghoul |
| 1:23 | Ghoul |
| 1:23 | Ghoul |
| 1:37 | Ziggurat |
| 1:48 | Ghoul |
| 2:14 | Graveyard |
| 2:23 | Ghoul |
| 2:28 | Sleep |
| 2:38 | Ghoul |
| 2:56 | Acolyte |
| 3:34 | Ghoul |
| 3:34 | Ghoul |
| 4:01 | Vampiric Aura |
| 4:26 | Ziggurat |
| 5:00 | Acolyte |
| 5:00 | Acolyte |
| 5:00 | Acolyte |
| 5:01 | Acolyte |
| 5:01 | Acolyte |
| 5:06 | Goblin Shredder |
| 5:19 | Ziggurat |
| 5:46 | Ziggurat |
| 5:49 | Ziggurat |
| 5:52 | Ziggurat |
| 6:10 | Forest Troll Shadow Priest |
| 6:11 | Forest Troll Berserker |
| 6:15 | Vampiric Aura |
| 6:43 | Spirit Tower |
| 6:55 | Halls of the Dead |
| 7:06 | Crypt Fiend |
| 7:20 | Spirit Tower |
| 7:25 | Ziggurat |
| 7:41 | Potion of Lesser Invulnerability |
| 7:41 | Scroll of Healing |
| 7:57 | Crypt Fiend |
| 7:57 | Crypt Fiend |
| 8:00 | Creature Attack |
| 8:24 | Spirit Tower |
| 8:30 | Crypt Fiend |
| 8:40 | Ziggurat |
| 8:58 | Sleep |
| 9:17 | Acolyte |
| 9:17 | Acolyte |
| 9:48 | Black Citadel |
| 10:01 | Improved Creature Attack |
| 10:21 | Sacrificial Pit |
| 10:23 | Spirit Tower |
| 10:42 | Slaughterhouse |
| 11:07 | Sacrificial Pit |
| 11:34 | Crypt Fiend |
| 11:56 | Carrion Beetles |
| 12:06 | Ziggurat |
| 12:08 | Ziggurat |
| 12:11 | Ziggurat |
| 12:25 | Acolyte |
| 12:25 | Acolyte |
| 12:25 | Acolyte |
| 12:31 | Boneyard |
| 12:35 | Web |
| 12:38 | Boneyard |
| 13:33 | Abomination |
| 13:33 | Abomination |
| 13:33 | Abomination |
| 13:33 | Abomination |
| 13:39 | Acolyte |
| 13:39 | Acolyte |
| 13:39 | Acolyte |
| 13:54 | Frost Wyrm |
| 14:13 | Frost Wyrm |
| 14:27 | Impale |
| 14:31 | Acolyte |
| 14:31 | Acolyte |
| 14:31 | Acolyte |
| 14:34 | Acolyte |
| 14:36 | Spirit Tower |
| 15:21 | Frost Wyrm |
| 15:40 | Vampiric Aura |
| 16:46 | Creature Carapace |
| 16:46 | Unholy Armor |
| 16:49 | Acolyte |
| 16:54 | Ziggurat |
| 16:58 | Ziggurat |
| 17:02 | Spirit Tower |
| 17:17 | Ziggurat |
| 17:36 | Tomb of Relics |
| 17:56 | Spirit Tower |
| 18:50 | Obsidian Statue |
| 18:50 | Obsidian Statue |
| 19:06 | Spirit Tower |
| 19:26 | Ghoul |
| 19:26 | Ghoul |
| 19:26 | Ghoul |
| 19:32 | Ghoul |
| 20:37 | Advanced Creature Attack |
| 21:28 | Necropolis |
| 21:40 | Ziggurat |
| 21:43 | Ziggurat |
| 21:45 | Ziggurat |
| 21:47 | Ziggurat |
| 21:59 | Frost Wyrm |
| 23:01 | Spirit Tower |
| 24:22 | Ziggurat |
| 24:24 | Ziggurat |
| 24:27 | Ziggurat |
| 24:30 | Ziggurat |
| 24:36 | Ziggurat |
| 24:43 | Ziggurat |
| 24:46 | Ziggurat |
| 24:51 | Ziggurat |
| 24:57 | Unholy Strength |
| 25:00 | Acolyte |
| 25:00 | Acolyte |
| 25:30 | Halls of the Dead |
| 25:35 | Ziggurat |
| 25:37 | Ziggurat |
| 25:42 | Spirit Tower |
| 26:01 | Ziggurat |
| 26:14 | Spirit Tower |
| 27:04 | Spirit Tower |
| 27:08 | Ziggurat |
| 27:12 | Ziggurat |
| 27:52 | Freezing Breath |
| 27:53 | Frost Wyrm |
| 28:04 | Acolyte |
| 28:04 | Acolyte |
| 28:04 | Acolyte |
| 28:04 | Acolyte |
| 29:21 | Acolyte |
| 30:06 | Ziggurat |
| 30:09 | Ziggurat |
| 30:25 | Spirit Tower |
| 30:41 | Ziggurat |
| 30:46 | Ziggurat |
| 31:55 | Acolyte |
| 31:55 | Acolyte |
| 31:55 | Acolyte |
| 31:55 | Acolyte |
| 31:56 | Acolyte |
| 32:54 | Ziggurat |
| 34:07 | Carrion Beetles |
| 34:07 | Spiked Carapace |
| 34:38 | Frost Wyrm |
| 35:44 | Inferno |
| 36:10 | Spirit Tower |
| 36:37 | Black Citadel |
| 39:09 | Acolyte |
| 39:09 | Acolyte |
| 39:09 | Acolyte |
| 39:09 | Acolyte |
| 39:20 | Frost Wyrm |
| 41:45 | Frost Wyrm |
| 41:47 | Crypt Fiend |
| 41:47 | Crypt Fiend |
| 41:48 | Crypt Fiend |
| 42:09 | Slaughterhouse |
| 42:31 | Ziggurat |
| 43:07 | Improved Unholy Armor |
| 43:10 | Improved Creature Carapace |
| 43:26 | Meat Wagon |
| 43:27 | Meat Wagon |
| 43:40 | Ziggurat |
| 44:51 | Acolyte |
| 44:52 | Acolyte |
| 46:21 | Acolyte |
| 46:21 | Acolyte |
| 46:21 | Acolyte |
| 46:21 | Acolyte |
| 46:28 | Frost Wyrm |
| 46:41 | Carrion Beetles |
| 47:57 | Frost Wyrm |
| 50:48 | Sleep |
| 51:07 | Crypt Fiend |
| 51:07 | Crypt Fiend |
| 51:07 | Crypt Fiend |
| 51:07 | Crypt Fiend |
| 51:16 | Frost Wyrm |
| 51:17 | Frost Wyrm |
| 51:54 | Advanced Unholy Armor |
| 54:47 | Ziggurat |
| 54:49 | Ziggurat |
| Right click | 1613 |
| Select | 472 |
| Build/train/purchase | 148 |
| Chat | 104 |
| Use ability | 66 |
| Remove unit | 2 |
| Item give/drop | 1 |
68 units @ 8.7k
/ 2.2k
143 buildings @ 7.1k
/ 4.2k

| Scroll of Regeneration | 22 | 2200 |
| Lesser Clarity Potion | 15 | 1050 |
| Potion of Healing | 11 | 1650 |
| Potion of Mana | 8 | 1600 |
| Scroll of Town Portal | 8 | 2800 |
| Staff of Teleportation | 1 | 150 |
| Potion of Invisibility | 5 | 500 |
| Potion of Lesser Invulnerability | 4 | 600 |
| Boots of Speed | 1 | 250 |
| total: | 75 | 10800g |
| Peasant | 23 | 1725 | / | 0 |
| Footman | 4 | 540 | / | 0 |
| Rifleman | 1 | 205 | / | 30 |
| Mortar Team | 9 | 1620 | / | 630 |
| Flying Machine | 18 | 1800 | / | 540 |
| Sorceress | 3 | 465 | / | 60 |
| Goblin Shredder | 1 | 375 | / | 100 |
| Goblin Sapper | 8 | 1720 | / | 800 |
| Goblin Zeppelin | 1 | 240 | / | 60 |
| total: | 68 | 8690g | / | 2220w |
| Scout Tower | 124 | 3720 | / | 2480 |
| Arcane Tower | 8 | 560 | / | 400 |
| Guard Tower | 29 | 2030 | / | 1450 |
| Altar of Kings | 1 | 180 | / | 50 |
| Farm | 5 | 400 | / | 100 |
| Barracks | 1 | 160 | / | 60 |
| Lumber Mill | 1 | 120 | / | 0 |
| Arcane Vault | 2 | 260 | / | 60 |
| Blacksmith | 1 | 140 | / | 60 |
| Town Hall | 4 | 1540 | / | 820 |
| Cannon Tower | 9 | 1080 | / | 900 |
| Workshop | 3 | 420 | / | 420 |
| Arcane Sanctum | 1 | 150 | / | 140 |
| Keep | 1 | 320 | / | 210 |
| Castle | 1 | 360 | / | 210 |
| total: | 143 | 7090g | / | 4190w |
| 0:08 | Altar of Kings |
| 0:17 | Farm |
| 0:19 | Peasant |
| 0:19 | Peasant |
| 0:51 | Peasant |
| 0:58 | Barracks |
| 1:06 | Farm |
| 1:11 | Lumber Mill |
| 1:14 | Peasant |
| 1:15 | Peasant |
| 1:35 | Peasant |
| 1:48 | Scout Tower |
| 1:53 | Peasant |
| 2:00 | Footman |
| 2:12 | Farm |
| 2:15 | Peasant |
| 2:18 | Footman |
| 2:23 | Flame Strike |
| 2:34 | Arcane Vault |
| 2:41 | Footman |
| 2:48 | Arcane Tower |
| 2:51 | Scout Tower |
| 3:38 | Peasant |
| 3:39 | Peasant |
| 3:42 | Guard Tower |
| 3:47 | Scroll of Regeneration |
| 4:02 | Footman |
| 4:06 | Siphon Mana |
| 4:15 | Blacksmith |
| 4:32 | Scroll of Regeneration |
| 4:33 | Lesser Clarity Potion |
| 5:16 | Scout Tower |
| 5:17 | Scout Tower |
| 5:18 | Scout Tower |
| 5:19 | Scout Tower |
| 5:20 | Scout Tower |
| 5:31 | Goblin Shredder |
| 5:49 | Guard Tower |
| 6:07 | Guard Tower |
| 6:14 | Arcane Tower |
| 6:19 | Guard Tower |
| 6:21 | Guard Tower |
| 6:46 | Keep |
| 6:50 | Scout Tower |
| 6:52 | Scout Tower |
| 6:54 | Scout Tower |
| 6:55 | Scout Tower |
| 6:57 | Scout Tower |
| 7:04 | Scout Tower |
| 7:05 | Scout Tower |
| 7:28 | Town Hall |
| 7:41 | Flame Strike |
| 7:48 | Farm |
| 7:50 | Farm |
| 7:56 | Guard Tower |
| 7:57 | Arcane Tower |
| 7:58 | Scroll of Regeneration |
| 8:05 | Arcane Tower |
| 8:42 | Rifleman |
| 8:53 | Guard Tower |
| 8:56 | Improved Masonry |
| 9:09 | Guard Tower |
| 9:12 | Workshop |
| 9:43 | Staff of Teleportation |
| 9:51 | Potion of Invisibility |
| 9:51 | Potion of Lesser Invulnerability |
| 9:55 | Boots of Speed |
| 10:04 | Workshop |
| 10:08 | Workshop |
| 10:10 | Flak Cannons |
| 10:45 | Mortar Team |
| 11:30 | Mortar Team |
| 11:33 | Castle |
| 11:38 | Arcane Sanctum |
| 11:40 | Advanced Masonry |
| 11:48 | Lesser Clarity Potion |
| 11:48 | Scroll of Regeneration |
| 11:54 | Flare |
| 11:56 | Potion of Healing |
| 11:57 | Potion of Mana |
| 11:59 | Potion of Healing |
| 12:07 | Black Gunpowder |
| 12:09 | Flying Machine |
| 12:15 | Potion of Invisibility |
| 12:17 | Potion of Lesser Invulnerability |
| 12:18 | Scroll of Town Portal |
| 12:25 | Guard Tower |
| 12:56 | Siphon Mana |
| 13:31 | Refined Gunpowder |
| 13:32 | Iron Plating |
| 13:36 | Sorceress Adept Training |
| 13:36 | Sorceress |
| 13:38 | Sorceress |
| 13:38 | Magic Sentry |
| 13:40 | Mortar Team |
| 13:43 | Flying Machine |
| 13:46 | Scroll of Regeneration |
| 13:47 | Lesser Clarity Potion |
| 13:56 | Imbued Masonry |
| 14:14 | Scroll of Regeneration |
| 14:26 | Fragmentation Shards |
| 15:02 | Scout Tower |
| 15:04 | Scout Tower |
| 15:04 | Scout Tower |
| 15:04 | Scout Tower |
| 15:05 | Scout Tower |
| 15:14 | Flame Strike |
| 15:18 | Sorceress Master Training |
| 15:22 | Studded Leather Armor |
| 15:26 | Guard Tower |
| 15:28 | Scroll of Regeneration |
| 15:30 | Lesser Clarity Potion |
| 15:32 | Potion of Healing |
| 15:37 | Peasant |
| 15:37 | Peasant |
| 15:39 | Peasant |
| 15:45 | Scout Tower |
| 15:45 | Scout Tower |
| 15:45 | Scout Tower |
| 15:46 | Scout Tower |
| 15:46 | Scout Tower |
| 15:51 | Guard Tower |
| 15:52 | Arcane Tower |
| 16:18 | Guard Tower |
| 16:19 | Arcane Tower |
| 16:24 | Scout Tower |
| 16:25 | Scout Tower |
| 16:25 | Scout Tower |
| 16:26 | Scout Tower |
| 16:41 | Cannon Tower |
| 16:48 | Town Hall |
| 16:54 | Guard Tower |
| 17:22 | Cannon Tower |
| 17:25 | Scroll of Regeneration |
| 17:54 | Guard Tower |
| 18:11 | Cannon Tower |
| 18:14 | Guard Tower |
| 18:20 | Scout Tower |
| 18:21 | Scout Tower |
| 18:21 | Scout Tower |
| 18:22 | Scout Tower |
| 18:46 | Mortar Team |
| 18:47 | Flying Machine |
| 18:54 | Guard Tower |
| 19:16 | Arcane Tower |
| 19:17 | Guard Tower |
| 19:33 | Scroll of Regeneration |
| 19:47 | Imbued Gunpowder |
| 19:53 | Scout Tower |
| 19:54 | Scout Tower |
| 19:55 | Scout Tower |
| 19:55 | Scout Tower |
| 19:56 | Scout Tower |
| 20:28 | Goblin Sapper |
| 20:28 | Goblin Sapper |
| 20:28 | Goblin Sapper |
| 21:25 | Mortar Team |
| 21:27 | Cannon Tower |
| 21:34 | Scroll of Town Portal |
| 21:52 | Potion of Invisibility |
| 21:59 | Cannon Tower |
| 22:00 | Cannon Tower |
| 22:03 | Guard Tower |
| 22:29 | Scout Tower |
| 22:41 | Guard Tower |
| 22:43 | Reinforced Leather Armor |
| 23:07 | Goblin Zeppelin |
| 24:06 | Scroll of Regeneration |
| 24:08 | Lesser Clarity Potion |
| 24:09 | Potion of Healing |
| 24:11 | Scroll of Town Portal |
| 24:13 | Mortar Team |
| 24:29 | Steel Plating |
| 24:51 | Flying Machine |
| 26:36 | Mortar Team |
| 26:46 | Summon Phoenix |
| 26:47 | Scroll of Regeneration |
| 27:07 | Lesser Clarity Potion |
| 28:07 | Goblin Sapper |
| 28:07 | Goblin Sapper |
| 29:18 | Scroll of Regeneration |
| 29:19 | Lesser Clarity Potion |
| 29:21 | Scroll of Town Portal |
| 29:58 | Potion of Lesser Invulnerability |
| 30:03 | Potion of Invisibility |
| 30:43 | Potion of Invisibility |
| 31:07 | Flying Machine |
| 31:07 | Flying Machine |
| 32:48 | Mithril Plating |
| 32:57 | Flying Machine Bombs |
| 33:09 | Lesser Clarity Potion |
| 33:10 | Potion of Mana |
| 33:12 | Scroll of Regeneration |
| 33:14 | Scroll of Regeneration |
| 33:25 | Scout Tower |
| 33:25 | Scout Tower |
| 33:26 | Scout Tower |
| 34:32 | Cannon Tower |
| 34:34 | Scout Tower |
| 34:34 | Scout Tower |
| 34:51 | Barrage |
| 34:55 | Mortar Team |
| 34:57 | Lesser Clarity Potion |
| 34:59 | Potion of Mana |
| 35:13 | Banish |
| 35:18 | Scroll of Town Portal |
| 35:18 | Potion of Healing |
| 35:23 | Scout Tower |
| 35:24 | Scout Tower |
| 35:25 | Scout Tower |
| 35:26 | Scout Tower |
| 35:49 | Scout Tower |
| 35:50 | Scout Tower |
| 35:50 | Scout Tower |
| 35:50 | Scout Tower |
| 35:50 | Scout Tower |
| 35:51 | Scout Tower |
| 35:51 | Scout Tower |
| 35:51 | Scout Tower |
| 35:51 | Scout Tower |
| 36:18 | Mortar Team |
| 36:25 | Flying Machine |
| 36:29 | Lesser Clarity Potion |
| 36:31 | Scroll of Regeneration |
| 36:51 | Flying Machine |
| 36:54 | Flying Machine |
| 36:55 | Flying Machine |
| 37:16 | Guard Tower |
| 38:04 | Guard Tower |
| 38:21 | Cannon Tower |
| 38:23 | Scout Tower |
| 38:24 | Scout Tower |
| 38:26 | Scout Tower |
| 38:26 | Scout Tower |
| 38:27 | Scout Tower |
| 38:28 | Scout Tower |
| 38:29 | Scout Tower |
| 38:38 | Scroll of Regeneration |
| 38:39 | Potion of Healing |
| 38:55 | Guard Tower |
| 38:57 | Guard Tower |
| 39:57 | Town Hall |
| 40:09 | Peasant |
| 40:10 | Peasant |
| 40:20 | Guard Tower |
| 40:32 | Banish |
| 41:39 | Banish |
| 42:00 | Flying Machine |
| 42:30 | Arcane Vault |
| 42:39 | Scroll of Regeneration |
| 42:41 | Lesser Clarity Potion |
| 42:43 | Potion of Healing |
| 42:59 | Scroll of Regeneration |
| 43:33 | Flying Machine |
| 46:07 | Siphon Mana |
| 46:30 | Flying Machine |
| 46:42 | Scroll of Regeneration |
| 46:42 | Lesser Clarity Potion |
| 46:45 | Potion of Healing |
| 46:45 | Potion of Mana |
| 47:53 | Scout Tower |
| 47:54 | Scout Tower |
| 47:55 | Scout Tower |
| 47:56 | Scout Tower |
| 47:56 | Scout Tower |
| 47:56 | Scout Tower |
| 47:57 | Scout Tower |
| 47:58 | Scout Tower |
| 48:01 | Scroll of Regeneration |
| 48:01 | Lesser Clarity Potion |
| 48:02 | Potion of Healing |
| 48:06 | Potion of Mana |
| 48:07 | Scroll of Regeneration |
| 48:07 | Scroll of Town Portal |
| 48:28 | Peasant |
| 48:29 | Peasant |
| 48:29 | Peasant |
| 48:29 | Peasant |
| 48:41 | Guard Tower |
| 48:44 | Cannon Tower |
| 48:46 | Arcane Tower |
| 48:50 | Scout Tower |
| 48:50 | Scout Tower |
| 48:51 | Scout Tower |
| 48:51 | Scout Tower |
| 49:27 | Guard Tower |
| 49:38 | Flying Machine |
| 49:38 | Flying Machine |
| 49:38 | Flying Machine |
| 51:29 | Scout Tower |
| 51:29 | Scout Tower |
| 51:30 | Scout Tower |
| 51:30 | Scout Tower |
| 51:31 | Scout Tower |
| 51:31 | Scout Tower |
| 51:32 | Scout Tower |
| 51:35 | Scout Tower |
| 51:35 | Scout Tower |
| 51:35 | Scout Tower |
| 51:36 | Scout Tower |
| 51:36 | Scout Tower |
| 51:36 | Scout Tower |
| 51:36 | Scout Tower |
| 51:37 | Scout Tower |
| 51:37 | Scout Tower |
| 51:38 | Scout Tower |
| 51:42 | Lesser Clarity Potion |
| 51:44 | Potion of Healing |
| 51:45 | Potion of Mana |
| 51:47 | Scroll of Town Portal |
| 51:48 | Potion of Healing |
| 51:49 | Potion of Mana |
| 51:54 | Peasant |
| 51:54 | Peasant |
| 51:54 | Peasant |
| 51:54 | Peasant |
| 51:58 | Sorceress |
| 52:03 | Flying Machine |
| 52:04 | Flying Machine |
| 52:27 | Scout Tower |
| 52:27 | Scout Tower |
| 52:27 | Scout Tower |
| 52:27 | Scout Tower |
| 53:22 | Scout Tower |
| 53:22 | Scout Tower |
| 53:22 | Scout Tower |
| 53:23 | Scout Tower |
| 53:23 | Scout Tower |
| 53:23 | Scout Tower |
| 53:24 | Scout Tower |
| 54:19 | Guard Tower |
| 54:24 | Town Hall |
| 54:31 | Scout Tower |
| 54:31 | Scout Tower |
| 54:32 | Scout Tower |
| 54:32 | Scout Tower |
| 54:46 | Scroll of Town Portal |
| 54:47 | Lesser Clarity Potion |
| 54:47 | Scroll of Regeneration |
| 54:50 | Potion of Mana |
| 55:44 | Guard Tower |
| 55:47 | Scout Tower |
| 55:55 | Scout Tower |
| 55:56 | Scout Tower |
| 55:56 | Scout Tower |
| 55:57 | Scout Tower |
| 55:57 | Scout Tower |
| 55:58 | Scout Tower |
| 55:59 | Scout Tower |
| 55:59 | Scout Tower |
| 56:00 | Scout Tower |
| 56:01 | Scout Tower |
| 56:39 | Dragonhide Armor |
| 57:04 | Guard Tower |
| 57:41 | Potion of Lesser Invulnerability |
| 57:51 | Scout Tower |
| 57:52 | Scout Tower |
| 57:52 | Scout Tower |
| 57:53 | Scout Tower |
| 57:54 | Scout Tower |
| 57:55 | Scout Tower |
| 58:44 | Goblin Sapper |
| 58:44 | Goblin Sapper |
| 58:44 | Goblin Sapper |
| Right click | 2253 |
| Select | 1034 |
| Build/train/purchase | 315 |
| Select group | 257 |
| Use ability | 182 |
| Chat | 38 |
| Assign group | 36 |
| Misc. action | 24 |
| Item give/drop | 6 |
| Esc | 5 |